cohdb
Replays
Latest Replays
All Replays
Popular Replays
Top Player Replays
Match Explorer
How It Works
Community
CoH3 Stats
Reddit
Sign in to upload your games and track your stats! →
Sign in with Steam
Match 41332480
Unlisted
Match 41332480
Overview
Messages
Build Orders
End
Kettenkrad Recon Vehicle
Selects Terror Battlegroup
Construct Infanterie Kompanie
Pioneer Squad
MG 42 Machine Gun Team
Grenadier Squad
Grenadier Squad
MG 42 Machine Gun Team
Construct Panzergrenadier Kompanie
Infanterie Officer Quarters
251 Medium Carrier
Pak 40 Anti-tank Gun Team
Selects Machine Gun Camouflage
Panzergrenadier Squad
Pioneer Squad
Selects Defend the Fatherland
Support Elements
Pioneer Squad
Nebelwerfer 42 Rocket Launcher Team
Gandalf
Unsafe
Dislocated Medic
JuanPi_Art
ElShileno123
Majovish
0
0
Comments
sign in to comment!
No comments posted yet!